 Dungeon Crawl Stone Soup version 0.25.0-9-g26727b657a (webtiles) character file.

Game seed: 1034055095027774862

739165 xccam the Executioner (level 27, -12/237 (238) HPs)
             Began as a Formicid Fighter on June 20, 2020.
             Was the Champion of Cheibriados.
             Killed from afar by a hellion (26 damage)
             ... with damnation
             ... on level 3 of the Iron City of Dis.
             The game lasted 02:55:17 (71529 turns).

xccam the Executioner (Formicid Fighter)           Turns: 71529, Time: 02:55:18

HP:   -12/237 (238) AC: 43    Str: 53    XL:     27
MP:   36/36         EV: 30    Int: 20    God:    Cheibriados [******]
Gold: 5817          SH: 27    Dex: 28    Spells: 26/26 levels left

rFire    + + .     SeeInvis +   g - +9 executioner's axe (vorpal)
rCold    + + +     Gourm    .   B - +0 tower shield
rNeg     + + +     Faith    .   E - +9 gold dragon scales
rPois    +         Spirit   .   (helmet unavailable)
rElec    +         Reflect  .   c - +1 cloak of Starlight {rElec rC+ EV+4 Stlth--}
rCorr    .         Harm     .   Q - +1 pair of gloves {Dex+3}
MR       +++++     Clarity  +   j - +0 pair of boots "Voups" {Str+2} (curse)
Stlth    ..........             e - amulet of the Four Winds {rN+ MR+++ Clar}
HPRegen  0.49/turn              x - ring of Asuutor {rPois rF+ rN+ Str+3 Int-2}
MPRegen  0.25/turn              b - ring "Guij" {+Blink rC+ rN+ MR+}

@: very slow
A: permanent stasis, dig shafts and tunnels, four strong arms, antennae 3, dopey
1, subdued magic 2
}: 6/15 runes: serpentine, barnacled, slimy, silver, obsidian, abyssal
a: Dig, Shaft Self, Bend Time, Temporal Distortion, Slouch, Step From Time,
Renounce Religion


You were on level 3 of the Iron City of Dis.
You worshipped Cheibriados.
Cheibriados was exalted by your worship.
You were not hungry.

You visited 13 branches of the dungeon, and saw 60 of its levels.
You visited the Abyss 1 time.
You also visited: Trove, Gauntlet, Ice Cave, Wizlab and Desolation.

You collected 9449 gold pieces.
You spent 3632 gold pieces at shops.

Inventory:

Hand Weapons
 g - a +9 vorpal executioner's axe (weapon)
Armour
 c - the +1 cloak of Starlight (worn) {rElec rC+ EV+4 Stlth--}
   (You found it in a wizard's laboratory)

   It affects your evasion (+4).
   It protects you from cold.
   It insulates you from electricity.
   It makes you much less stealthy.
 i - a +1 kite shield of cold resistance
 j - the cursed +0 pair of boots "Voups" (worn) {Str+2}
   (You found it in the Desolation of Salt)

   It affects your strength (+2).
   It has a curse placed upon it.
 m - the +1 cloak "Kaebb" {rF+ Int+3}
   (You found it in a wizard's laboratory)

   It affects your intelligence (+3).
   It protects you from fire.
 B - a +0 tower shield (worn)
 E - +9 gold dragon scales (worn)
 Q - a +1 pair of gloves of dexterity (worn)
Jewellery
 b - the ring "Guij" (right hand) {+Blink rC+ rN+ MR+}
   (You found it in a treasure trove)

   [ring of protection from cold]

   It protects you from cold.
   It protects you from negative energy.
   It affects your resistance to hostile enchantments.
   It lets you blink.
 e - the amulet of the Four Winds (around neck) {rN+ MR+++ Clar}
   (You took it off an orc on level 8 of the Dungeon)

   [amulet of nothing]

   It protects you from negative energy.
   It affects your resistance to hostile enchantments.
   It protects you against confusion.
 r - an uncursed ring of protection from magic
 s - an uncursed ring of protection from fire
 u - the amulet "Lathrus" {rF+ Regen+ Dex+2}
   (You found it in a treasure trove)

   [amulet of regeneration]

   It affects your dexterity (+2).
   It protects you from fire.
   It increases your rate of regeneration.
 v - an uncursed ring of resist corrosion
 x - the ring of Asuutor (left hand) {rPois rF+ rN+ Str+3 Int-2}
   (You bought it in a shop on level 2 of the Elven Halls)

   [ring of poison resistance]

   It affects your strength (+3).
   It affects your intelligence (-2).
   It protects you from fire.
   It protects you from poison.
   It protects you from negative energy.
 y - the ring "Udesm" {Ice rN+ Str+4 Int-2 Dex+2}
   (You took it off a deep elf archer on level 3 of the Elven Halls)

   [ring of ice]

   It enhances your ice magic.
   It affects your strength (+4).
   It affects your intelligence (-2).
   It affects your dexterity (+2).
   It makes you vulnerable to fire.
   It protects you from cold.
   It protects you from negative energy.
Wands
 D - a wand of acid (34)
 H - a wand of clouds (5)
 M - a wand of disintegration (59)
 T - a wand of iceblast (20)
 U - a wand of flame (43)
 Y - a wand of paralysis (7)
Scrolls
 o - 4 scrolls of enchant weapon
 C - a scroll of summoning
 I - 13 scrolls of fog
 J - a scroll of holy word
 N - 28 scrolls of remove curse
 O - 6 scrolls of immolation
 P - 15 scrolls of fear
 R - 7 scrolls of identify
 S - 2 scrolls of silence
 V - 3 scrolls of magic mapping
Potions
 a - a potion of brilliance
 d - 8 potions of flight
 k - 4 potions of resistance
 l - 2 potions of invisibility
 n - 8 potions of heal wounds
 p - 6 potions of might
 w - a potion of ambrosia
 z - 22 potions of curing
 K - 4 potions of cancellation
 L - 12 potions of mutation
 W - 5 potions of lignification
Miscellaneous
 h - the horn of Geryon
 t - 3 phantom mirrors
Comestibles
 f - 88 rations


   Skills:
 + Level 24.2 Fighting
 - Level 26.0 Axes
 + Level 25.4 Armour
 + Level 17.4 Dodging
 - Level 15.0 Shields
 + Level 18.7 Invocations
 + Level 12.1 Evocations


You had 26 spell levels left.
You didn't know any spells.
Your spell library contained the following spells:

 Spells                   Type           Power        Failure   Level  Hunger
 Beastly Appendage        Tmut           #.....       41%         1    ##.....
 Corona                   Hex            #......      41%         1    ##.....
 Foxfire                  Conj/Fire      #...         41%         1    ##.....
 Freeze                   Ice            #...         41%         1    ##.....
 Infusion                 Chrm           #...         41%         1    ##.....
 Magic Dart               Conj           #...         41%         1    ##.....
 Sandblast                Erth           #.....       41%         1    ##.....
 Shock                    Conj/Air       #...         41%         1    ##.....
 Sting                    Tmut/Pois      #...         41%         1    ##.....
 Summon Small Mammal      Summ           #...         41%         1    ##.....
 Call Imp                 Summ           #.......     54%         2    ###....
 Corpse Rot               Necr/Air       N/A          54%         2    ###....
 Ensorcelled Hibernation  Hex/Ice        #.....       54%         2    ###....
 Passwall                 Tmut/Erth      #.......     54%         2    ###....
 Poisonous Vapours        Pois/Air       #.....       54%         2    ###....
 Searing Ray              Conj           #.....       54%         2    ###....
 Shroud of Golubria       Chrm/Tloc      #.....       54%         2    ###....
 Slow                     Hex            #.......     54%         2    ###....
 Sticks to Snakes         Tmut           #.......     54%         2    ###....
 Sublimation of Blood     Necr           #.........   54%         2    ###....
 Call Canine Familiar     Summ           #.......     80%         3    ####...
 Confusing Touch          Hex            #.......     80%         3    ####...
 Conjure Flame            Conj/Fire      #.......     80%         3    ####...
 Dazzling Flash           Conj/Hex       #.....       80%         3    ####...
 Frozen Ramparts          Ice            #.....       80%         3    ####...
 Gell's Gravitas          Tloc           #.........   80%         3    ####...
 Ignite Poison            Fire/Tmut/Pois #.......     80%         3    ####...
 Inner Flame              Hex/Fire       #.......     80%         3    ####...
 Lesser Beckoning         Tloc           #.........   80%         3    ####...
 Mephitic Cloud           Conj/Pois/Air  #.......     80%         3    ####...
 Ozocubu's Armour         Chrm/Ice       #.......     80%         3    ####...
 Portal Projectile        Hex/Tloc       #.....       80%         3    ####...
 Recall                   Summ/Tloc      N/A          80%         3    ####...
 Spectral Weapon          Hex/Chrm       #.......     80%         3    ####...
 Spider Form              Tmut/Pois      #.........   80%         3    ####...
 Static Discharge         Conj/Air       #.......     80%         3    ####...
 Stone Arrow              Conj/Erth      #.....       80%         3    ####...
 Summon Guardian Golem    Hex/Summ       #.......     80%         3    ####...
 Teleport Other           Tloc           #.......     80%         3    ####...
 Tukima's Dance           Hex            #.......     80%         3    ####...
 Airstrike                Air            #.........   99%         4    #####..
 Animate Dead             Necr           N/A          99%         4    #####..
 Cause Fear               Hex            #.........   99%         4    #####..
 Dispel Undead            Necr           #.......     99%         4    #####..
 Fulminant Prism          Conj/Hex       #.........   99%         4    #####..
 Hailstorm                Conj/Ice       #.......     99%         4    #####..
 Ice Form                 Ice/Tmut       #.......     99%         4    #####..
 Iskenderun's Mystic Bla  Conj/Tloc      #.......     99%         4    #####..
 Leda's Liquefaction      Hex/Erth       #.........   99%         4    #####..
 Olgreb's Toxic Radiance  Pois           #.......     99%         4    #####..
 Passage of Golubria      Tloc           N/A          99%         4    #####..
 Petrify                  Tmut/Erth      #.......     99%         4    #####..
 Sticky Flame             Conj/Fire      #.......     99%         4    #####..
 Summon Ice Beast         Ice/Summ       #.......     99%         4    #####..
 Summon Lightning Spire   Summ/Air       #.......     99%         4    #####..
 Agony                    Necr           #.......     100%        5    ######.
 Aura of Abjuration       Summ           #.........   100%        5    ######.
 Blade Hands              Tmut           #.........   100%        5    ######.
 Bolt of Magma            Conj/Fire/Erth #.........   100%        5    ######.
 Borgnjor's Vile Clutch   Necr/Erth      #.........   100%        5    ######.
 Excruciating Wounds      Chrm/Necr      #.........   100%        5    ######.
 Fireball                 Conj/Fire      #.........   100%        5    ######.
 Irradiate                Conj/Tmut      #.........   100%        5    ######.
 Iskenderun's Battlesphe  Conj/Chrm      #.......     100%        5    ######.
 Lee's Rapid Deconstruct  Erth           #.........   100%        5    ######.
 Lightning Bolt           Conj/Air       #.........   100%        5    ######.
 Metabolic Englaciation   Hex/Ice        #.........   100%        5    ######.
 Silence                  Hex/Air        #.........   100%        5    ######.
 Summon Demon             Summ           #.........   100%        5    ######.
 Summon Forest            Summ/Tloc      #.........   100%        5    ######.
 Summon Mana Viper        Hex/Summ       #.......     100%        5    ######.
 Yara's Violent Unravell  Hex/Tmut       #.........   100%        5    ######.
 Conjure Ball Lightning   Conj/Air       #.........   100%        6    #######
 Darkness                 Hex            #.........   100%        6    #######
 Death Channel            Necr           #.........   100%        6    #######
 Dispersal                Tloc           #.........   100%        6    #######
 Freezing Cloud           Conj/Ice/Air   #.........   100%        6    #######
 Hydra Form               Tmut           #.........   100%        6    #######
 Invisibility             Hex            #.......     100%        6    #######
 Iron Shot                Conj/Erth      #.........   100%        6    #######
 Ozocubu's Refrigeration  Ice            #.........   100%        6    #######
 Shadow Creatures         Summ           N/A          100%        6    #######
 Simulacrum               Ice/Necr       #.........   100%        6    #######
 Starburst                Conj/Fire      #.........   100%        6    #######
 Statue Form              Tmut/Erth      #........    100%        6    #######
 Dragon Form              Tmut           #.........   100%        7    #######
 Orb of Destruction       Conj           #.........   100%        7    #######
 Ring of Flames           Chrm/Fire      #.........   100%        7    #######
 Spellforged Servitor     Conj/Summ      #.........   100%        7    #######
 Discord                  Hex            #.........   100%        8    #######
 Disjunction              Tloc           #.........   100%        8    #######
 Ignition                 Fire           #.........   100%        8    #######
 Shatter                  Erth           #.........   100%        9    #######
 Tornado                  Air            #.........   100%        9    #######
 Blink                    Tloc           Unusable     N/A         2    N/A
 Swiftness                Chrm/Air       Unusable     N/A         2    N/A
 Controlled Blink         Tloc           Unusable     N/A         8    N/A

Dungeon Overview and Level Annotations

Branches:
Dungeon (15/15)            Temple (1/1) D:4            Lair (6/6) D:10
 Shoals (4/4) Lair:3        Snake (4/4) Lair:3        Slime (5/5) Lair:6
    Orc (2/2) D:12            Elf (3/3) Orc:2        Vaults (5/5) D:14
  Crypt (0/3) Vaults:3     Depths (5/5) D:15           Hell (visited)
    Dis (3/7) Hell            Geh (7/7) Hell            Coc (0/7) Hell
    Tar (0/7) Hell            Zot (0/5) Depths:5      IceCv (visited)
 WizLab (visited)         Desolation (visited)      Gauntlet (visited)

Altars:
Ashenzari
Cheibriados
Dithmenos
Gozag
Kikubaaqudgha
Makhleb
Qazlal
Ru
Sif Muna
Trog
Uskayaw
Vehumet
Zin
The Shining One
Beogh

Shops:
D:4 ?   D:5 (   D:8 *   D:11 =   Orc:2 [%[:*   Elf:2 %=:   Shoals:1 =?
Shoals:3 %   Snake:1 [}   Snake:2 [   Vaults:4 *   Depths:4 **}

Portals:
Hell: Depths:1 Depths:2 Depths:3 Depths:4 Depths:5
Abyss: Depths:3 Depths:4
Pandemonium: Depths:1 Depths:2 Depths:3
Ziggurat: Depths:2

Annotations:
Snake:4 3 runed translucent doors


Innate Abilities, Weirdness & Mutations

You cannot be hasted, slowed, berserked, paralysed or teleported.
You can dig through walls and to a lower floor.
Your four strong arms can wield two-handed weapons with a shield.
You have a pair of large antennae on your head. (SInv)
You are dopey. (Int -2)
Your spells are easier to cast, but less powerful.


Message History

Unknown command.
You cut the tormentor into ribbons!!!
You kill the tormentor!
Cheibriados appreciates the change of pace.
Unknown command.
The hellion hits you but does no damage.
You block the hellion's attack.
Unknown command.
You completely miss the hellion. The hellion gestures at you.
The sphere of damnation explodes!
The damnation engulfs you!!
* * * LOW HITPOINT WARNING * * *
The damnation engulfs the hellion.
The hellion completely resists.
You hear an angry squeal.
You hear a bark!
You hear a hideous shriek!
You hear a bark!
You slice the hellion!!
The hellion is almost dead.
The hellion gestures at you.
The sphere of damnation explodes!
The damnation engulfs you!!
You die...

Z...... { ....... #
....... #. .......
#.. { .......
###..########.......
....................
.........∩).).......
.....>..@2))).......
....................
....................
....................
....................
#..................#
+..................#
#.....###+####....


You could see a hellion.

Vanquished Creatures
  Asmodeus (Geh:7)
  the Royal Jelly (Slime:5)
  Mara (Shoals:3)
  Mennas (Depths:5)
  Frederick (Depths:5)
  The ghost of Hynwimna the Slayer, a veteran MiGl of Okawaru (Elf:3)
  Saint Roka (Elf:2)
  Bai Suzhen (Depths:2)
  Xtahua (Depths:5)
  Vashnia (Snake:3)
  Geryon (Hell)
  Jory (Depths:3)
  Nikola (Shoals:1)
  4 golden dragons
  A pearl dragon (Depths:4)
  17 Brimstone Fiends
  the Enchantress (Depths:5)
  2 Tzitzimimeh (Dis:2)
  3 tentacled monstrosities
  3 hellephants (Abyss:5)
  4 liches
  2 deep elf blademasters
  17 acid blobs
  4 deep elf master archers (Elf:3)
  6 titans
  6 sphinxes
  A kraken (Shoals:2)
  An eldritch tentacle (WizLab)
  3 tentacled starspawn
  Gastronok (Lair:3)
  5 shadow dragons
  Polyphemus (Shoals:4)
  4 storm dragons
  7 azure jellies
  3 tengu reavers
  Ilsuiw (Shoals:3)
  9 nagarajas
  12 frost giants
  A draconian scorcher (Depths:5)
  3 daevas (Depths:4)
  16 fire giants
  10 vault wardens
  4 deep elf sorcerers
  2 ghost moths (Depths:3)
  2 imperial myrmidons (Desolation)
  11 balrugs
  2 iron dragons
  Aizul (Snake:2)
  A caustic shrike zombie (D:15)
  3 angels (Depths:4)
  A ghoul (Vaults:3)
  7 deep elf elementalists (Elf:3)
  2 draconian shifters
  5 war gargoyles
  3 spriggan defenders (Depths:5)
  15 ironheart preservers
  The ghost of Opsifuid the Severer, a journeyman BaBe of Trog (Elf:3)
  6 reapers
  17 very ugly things
  15 stone giants
  An entropy weaver (Vaults:2)
  8 vampire knights
  A green draconian (Depths:5)
  5 deep elf demonologists (Elf:3)
  13 large abominations
  A purple draconian (Depths:5)
  2 halazid warlocks (Desolation)
  2 black draconians (Depths:5)
  Azrael (Elf:2)
  An eidolon (Vaults:3)
  6 dire elephants (Abyss:5)
  A minotaur (Gauntlet)
  9 deep elf annihilators
  10 spark wasps
  2 merfolk javelineers
  The ghost of Comi the Carver, a journeyman TeBe of Trog (Lair:6)
  4 crystal guardians
  12 merfolk impalers
  6 death oozes (Slime:5)
  16 ettins
  3 blizzard demons
  5 deep elf death magi
  10 great orbs of eyes
  11 yaktaur captains
  2 green deaths (Hell)
  7 ice dragons
  5 fire dragons
  6 ragged hierophants (Desolation)
  36 vault guards
  Josephine (D:14)
  4 deep elf high priests
  7 rakshasas
  8 hydras
  4 servants of whispers (Desolation)
  5 spriggan air magi
  22 naga warriors
  2 peacekeepers (Desolation)
  An alligator snapping turtle (Shoals:4)
  4 merfolk avatars
  An anaconda (shapeshifter) (Vaults:5)
  A catoblepas (Shoals:4)
  14 ogre magi
  A death knight (Vaults:1)
  The ghost of Wogokhlo the Spry, a journeyman FeBe of Trog (Lair:6)
  3 satyrs
  21 anacondas
  33 dancing weapons
  7 centaur warriors
  8 merfolk aquamancers (Shoals:4)
  An alligator (Lair:5)
  38 two-headed ogres
  5 tengu warriors
  3 thrashing horrors (WizLab)
  30 hell hogs
  8 deep troll shamans
  3 vampire magi
  A queen ant (D:11)
  4 death yaks (Shoals:4)
  8 deep troll earth magi
  21 naga sharpshooters
  9 shock serpents
  2 storm dragon zombies (Geh:6)
  5 spriggan berserkers
  3 titan zombies
  A shock serpent (shapeshifter) (Vaults:5)
  24 deep elf knights
  Urug (Lair:2)
  4 iron golems (Hell)
  Sonja (D:13)
  4 soul eaters (Hell)
  15 sun demons
  10 shadow wraiths
  2 wretched stars (Abyss:1)
  A titan skeleton (Geh:7)
  18 hell knights
  2 iron trolls
  3 salamander mystics
  27 deep trolls
  3 anaconda zombies
  5 unseen horrors
  5 glowing orange brains
  6 cherubim (Depths:4)
  39 sea snakes
  13 skeletal warriors
  A storm dragon skeleton (D:15)
  3 golden dragon zombies
  A sea snake (shapeshifter) (Depths:3)
  A death drake (shapeshifter) (Elf:1)
  2 spatial maelstroms (Abyss:5)
  10 flayed ghosts
  4 wizards
  24 deep elf archers
  A glowing orange brain (shapeshifter) (Depths:5)
  2 golden dragon skeletons
  2 swamp dragons
  A tengu zombie (Depths:4)
  2 anaconda skeletons
  11 naga ritualists
  An obsidian statue (WizLab)
  15 harpies
  A harpy (shapeshifter) (Vaults:2)
  8 phantasmal warriors
  2 lindwurms
  13 mana vipers
  2 shadow dragon zombies
  An orange crystal statue (Depths:5)
  10 orc knights
  14 ironbrand convokers
  2 iron dragon zombies
  13 necromancers
  5 wolf spider zombies
  17 fauns
  An orc sorcerer (Vaults:2)
  4 frost giant zombies
  3 worldbinders (WizLab)
  76 deep elf magi
  59 ugly things
  4 wolf spiders
  4 shadow dragon skeletons
  8 oklob plants
  5 cyclopes
  4 fire giant zombies
  A sphinx skeleton (Depths:4)
  15 elephants
  A moth of wrath (Gauntlet)
  3 shining eyes
  14 manticores
  3 ice statues
  2 iron dragon skeletons
  3 rust devils
  3 fire giant skeletons
  2 guardian serpents (shapeshifter)
  17 salamanders
  2 frost giant skeletons
  59 black mambas
  4 molten gargoyles (Geh:7)
  A water nymph (shapeshifter) (Vaults:5)
  A shock serpent zombie (Geh:7)
  10 merfolk sirens
  16 guardian serpents
  14 vault sentinels
  4 eyes of devastation
  A spiny frog (shapeshifter) (Elf:1)
  A human skeleton (WizLab)
  An elephant (shapeshifter) (Vaults:1)
  10 water nymphs
  20 naga magi
  A black mamba (shapeshifter) (Elf:3)
  3 smoke demons
  5 torpor snails (Lair:6)
  A gargoyle (D:11)
  17 spiny frogs
  A demonspawn skeleton (WizLab)
  12 hellions
  4 efreet
  56 yaktaurs
  11 freezing wraiths
  8 tormentors
  17 small abominations
  An ancient zyme (Abyss:1)
  2 ice devils
  A demonic crawler (Hell)
  A guardian mummy (Depths:3)
  A komodo dragon (Lair:6)
  A harpy zombie (Geh:7)
  3 hellwings
  An anaconda simulacrum (Hell)
  A hydra zombie (Geh:7)
  33 merfolk
  A jumping spider (shapeshifter) (Depths:1)
  A queen bee (Lair:3)
  8 wind drakes
  2 meliai (shapeshifter)
  8 red devils
  A tengu conjurer (D:15)
  40 saltlings (Desolation)
  17 polar bears (IceCv)
  3 hydra skeletons (Hell)
  14 hornets
  Grinder (D:3)
  4 tyrant leeches (Lair:6)
  A queen bee (shapeshifter) (Vaults:1)
  8 trolls
  13 dream sheep
  6 snapping turtles
  20 blink frogs
  A hornet (shapeshifter) (Vaults:5)
  An elf zombie (Depths:3)
  13 hippogriffs
  A slime creature (shapeshifter) (Depths:4)
  2 alligator zombies
  59 slime creatures
  2 ettin zombies
  A meliai zombie (D:11)
  A fire giant simulacrum (Vaults:3)
  An iron dragon simulacrum (Hell)
  A snapping turtle (shapeshifter) (Elf:1)
  A spriggan zombie (Depths:2)
  3 fire dragon zombies
  26 flying skulls
  2 ice dragon zombies
  6 redbacks
  An alligator skeleton (Hell)
  An ettin skeleton (Hell)
  2 ice dragon skeletons
  2 frost giant simulacra
  2 fire dragon skeletons (Geh:7)
  16 shadows
  17 water elementals
  6 spriggans (Depths:5)
  2 ynoxinuls
  20 wraiths
  4 air elementals
  7 starcursed masses (Abyss:1)
  26 fire elementals
  2 fire bats (shapeshifter)
  5 basilisks (Lair:3)
  14 golden eyes
  2 wyverns (D:13)
  A yak (shapeshifter) (Vaults:3)
  2 hogs (D:8)
  22 humans
  6 fire bats
  A hungry ghost (D:10)
  3 chaos spawn
  46 yaks
  9 vampire mosquitoes (Depths:3)
  A steam dragon (D:8)
  8 spatial vortices
  A human zombie (Depths:3)
  An insubstantial wisp (WizLab)
  20 soldier ants (D:11)
  3 swamp worms (Gauntlet)
  15 wargs
  62 nagas
  24 water moccasins
  3 acid dragons
  2 soldier ants (shapeshifter)
  39 hell hounds
  5 spiny frog zombies
  A floating eye (Depths:2)
  2 tengu skeletons
  A black bear (shapeshifter) (Vaults:1)
  An ice beast (D:5)
  36 orc warriors
  3 swamp drakes (Lair:5)
  7 porcupines
  4 phantoms
  An ettin simulacrum (Depths:3)
  A spiny frog skeleton (Geh:6)
  2 swamp dragon zombies (Geh:1)
  5 black bears
  7 sky beasts
  4 necrophages
  14 boggarts
  22 centaurs
  6 eyes of draining
  A snapping turtle skeleton (Geh:7)
  61 ogres
  21 crocodiles
  2 swamp dragon skeletons
  25 wolves
  2 big kobolds
  2 earth elementals
  27 bullfrogs
  A human simulacrum (Depths:3)
  5 scorpions
  A scorpion (shapeshifter) (Vaults:5)
  A water moccasin skeleton (D:8)
  40 killer bees
  A spriggan skeleton (Geh:6)
  41 wights
  A troll skeleton (Geh:7)
  3 howler monkeys
  6 electric eels (Lair:1)
  7 crimson imps
  4 bullfrog zombies
  A quasit (Abyss:1)
  4 jellies
  2 centaur zombies
  Crazy Yiuf (D:7)
  22 orc priests
  A gnoll shaman (D:6)
  7 hounds
  27 orc wizards
  2 bullfrog skeletons
  7 iron imps
  4 centaur skeletons
  18 hell rats
  6 iguanas
  Natasha (thrice) (D:3)
  24 worker ants
  A killer bee zombie (D:6)
  2 hound skeletons
  11 gnolls
  15 adders
  A howler monkey skeleton (D:5)
  12 river rats
  6 shadow imps
  15 white imps
  An ufetubus (Abyss:1)
  An adder zombie (D:5)
  An adder skeleton (D:8)
  2 worms
  2 dart slugs
  4 leopard geckos
  163 orcs
  3 giant cockroaches
  7 goblins
  4 hobgoblins
  11 jackals
  15 quokkas
  9 ball pythons
  20 bats
  10 frilled lizards
  A jackal skeleton (D:9)
  10 kobolds
  A leopard gecko skeleton (D:4)
  A leopard gecko zombie (D:6)
  An orc zombie (Geh:3)
  A quokka skeleton (D:4)
  A quokka zombie (D:8)
  19 rats
  4 bushes
  5 crawling corpses
  7 fungi
  2 pillars of salt (Vaults:2)
  31 plants
  6 starspawn tentacles
  4 tentacles (Shoals:2)
  A withered plant (D:15)
3226 creatures vanquished.

Vanquished Creatures (collateral kills)
  An acid blob (Slime:5)
  An azure jelly (Slime:5)
  2 death oozes (Slime:5)
4 creatures vanquished.

Vanquished Creatures (others)
  An ice dragon (Depths:2)
  A faun (Shoals:4)
  2 yaktaurs (Depths:1)
  A wind drake (Shoals:1)
  2 shadows (Geh:2)
  A swamp drake (Lair:5)
  3 ogres (Vaults:5)
  A boggart (D:14)
  3 wights
  A centaur skeleton (Geh:7)
  A worm (shapeshifter) (Depths:1)
  An orc (Vaults:5)
  A crawling corpse (Vaults:5)
  33 fungi
  A lurking horror (WizLab)
  30 plants
  3 starspawn tentacles
  4 tentacles (Shoals:2)
90 creatures vanquished.

Grand Total: 3320 creatures vanquished

Notes
Turn   | Place    | Note
-------+----------+-------------------------------------------
     0 | D:1      | xccam the Formicid Fighter began the quest for the Orb.
     0 | D:1      | Reached XP level 1. HP: 18/18 MP: 1/1
   252 | D:1      | Reached XP level 2. HP: 24/24 MP: 2/2
   277 | D:1      | Reached skill level 3 in Axes
   625 | D:1      | Reached XP level 3. HP: 29/29 MP: 3/3
  1762 | D:2      | Found a glowing golden altar of the Shining One.
  1766 | D:2      | Reached skill level 4 in Axes
  1766 | D:2      | Reached XP level 4. HP: 35/35 MP: 4/4
  1887 | D:3      | Noticed Grinder
  2176 | D:3      | Killed Grinder
  2176 | D:3      | Reached skill level 6 in Axes
  2176 | D:3      | Reached XP level 5. HP: 37/41 MP: 5/5
  2176 | D:3      | Reached XP level 6. HP: 43/47 MP: 6/6
  2686 | D:3      | Noticed Natasha
  2691 | D:3      | Killed Natasha
  2845 | D:3      | Reached XP level 7. HP: 46/52 MP: 7/7
  2956 | D:3      | Noticed Natasha
  2962 | D:3      | Killed Natasha
  2962 | D:3      | Reached skill level 7 in Axes
  3163 | D:3      | Noticed Natasha
  3170 | D:3      | Killed Natasha
  3187 | D:4      | Found a sacrificial altar of Ru.
  3189 | D:4      | Found a radiant altar of Vehumet.
  3189 | D:4      | Found a shattered altar of Ashenzari.
  3192 | D:4      | Found an ancient bone altar of Kikubaaqudgha.
  3604 | D:4      | Found a staircase to the Ecumenical Temple.
  3609 | Temple   | Entered the Ecumenical Temple
  3615 | Temple   | Became a worshipper of Cheibriados the Contemplative
  3801 | D:4      | Found Gaol's Magic Scroll Emporium.
  3830 | D:4      | Bought a scroll of remove curse for 36 gold pieces
  3830 | D:4      | Bought a scroll of identify for 24 gold pieces
  3830 | D:4      | Bought a scroll of fear for 42 gold pieces
  3922 | D:4      | Reached * piety under Cheibriados
  4494 | D:5      | Entered Level 5 of the Dungeon
  4652 | D:5      | Reached XP level 8. HP: 46/58 MP: 8/8
  4793 | D:5      | Reached skill level 5 in Shields
  4931 | D:5      | Found Fubyuc's Weapon Shoppe.
  5141 | D:5      | Reached ** piety under Cheibriados
  5141 | D:5      | Reached skill level 5 in Armour
  5213 | D:5      | Reached skill level 8 in Axes
  5807 | D:6      | Reached XP level 9. HP: 50/64 MP: 9/9
  6041 | D:6      | Reached *** piety under Cheibriados
  6750 | D:7      | Reached skill level 9 in Axes
  6921 | D:7      | Found a stormy altar of Qazlal.
  7058 | D:7      | Reached **** piety under Cheibriados
  7151 | D:7      | Reached XP level 10. HP: 68/70 MP: 10/10
  7475 | D:7      | Found a runed translucent door.
  7476 | D:7      | Found the +6 shillelagh "Devastator" {shatter}
  7476 | D:7      | Noticed Crazy Yiuf
  7483 | D:7      | Killed Crazy Yiuf
  7601 | D:8      | Reached skill level 10 in Axes
  7689 | D:8      | Noticed an orc knight
  7732 | D:8      | Killed an orc knight
  7736 | D:8      | Reached skill level 11 in Axes
  7739 | D:8      | Reached ***** piety under Cheibriados
  8327 | D:8      | Found Uquac Ceat's Serpentskin Sales.
  8420 | D:8      | Reached XP level 11. HP: 32/75 MP: 11/11
  8652 | D:8      | Reached skill level 12 in Axes
  9342 | D:8      | Noticed a two-headed ogre
  9348 | D:8      | Killed a two-headed ogre
  9348 | D:8      | Reached skill level 13 in Axes
  9575 | D:8      | Bought an uncursed ring of poison resistance for 240 gold
                  | pieces
  9594 | D:9      | Reached ****** piety under Cheibriados
  9677 | D:9      | Found a bloodstained altar of Trog.
  9964 | D:9      | Reached skill level 14 in Axes
 10685 | D:10     | Entered Level 10 of the Dungeon
 10795 | D:10     | Found a staircase to the Lair.
 10807 | D:10     | Reached XP level 12. HP: 81/81 MP: 12/12
 11033 | D:10     | Reached skill level 1 in Invocations
 11287 | D:10     | Noticed a two-headed ogre
 11291 | D:10     | Killed a two-headed ogre
 11429 | D:11     | Found a glowing silver altar of Zin.
 11617 | D:11     | Reached skill level 15 in Axes
 11703 | D:11     | Reached skill level 5 in Invocations
 11707 | D:11     | Noticed a queen ant
 11716 | D:11     | Killed a queen ant
 11932 | D:11     | Found Zaxem's Jewellery Shop.
 12635 | D:12     | Found a stormy altar of Qazlal.
 12676 | D:12     | Found a staircase to the Orcish Mines.
 12681 | D:12     | You fall into a shaft and drop 1 floor!
 12711 | D:13     | Reached skill level 16 in Axes
 12711 | D:13     | Reached XP level 13. HP: 84/86 MP: 18/18
 12731 | D:13     | Reached skill level 1 in Dodging
 12872 | D:13     | Noticed a centaur warrior
 12880 | D:13     | Killed a centaur warrior
 13197 | Orc:1    | Entered Level 1 of the Orcish Mines
 13554 | Orc:2    | Entered Level 2 of the Orcish Mines
 14029 | Orc:2    | Noticed an ettin
 14034 | Orc:2    | Killed an ettin
 14147 | Orc:2    | Reached skill level 17 in Axes
 14935 | D:13     | Noticed Sonja
 14944 | D:13     | Killed Sonja
 15183 | D:13     | Reached skill level 18 in Axes
 15183 | D:13     | Reached XP level 14. HP: 79/95 MP: 19/19
 16251 | Lair:1   | Entered Level 1 of the Lair of Beasts
 18244 | Lair:2   | Found a gate leading to a gauntlet.
 18258 | Gauntlet | Entered a Gauntlet
 18258 | Gauntlet | Found a transporter.
 18258 | Gauntlet | Found a transporter.
 18258 | Gauntlet | Found a transporter.
 18325 | Gauntlet | Found a transporter.
 18326 | Gauntlet | Found a transporter.
 18329 | Gauntlet | Found a transporter.
 18335 | Gauntlet | Found a transporter.
 18355 | Gauntlet | Found a transporter.
 18356 | Gauntlet | Found a transporter.
 18358 | Gauntlet | Found a transporter.
 18381 | Gauntlet | Found a transporter.
 18382 | Gauntlet | Found a transporter.
 18723 | Gauntlet | Reached skill level 19 in Axes
 18789 | Gauntlet | Noticed a minotaur
 18796 | Gauntlet | Killed a minotaur
 19083 | Lair:2   | Noticed Urug
 19089 | Lair:2   | Killed Urug
 19578 | Lair:3   | Found a staircase to the Snake Pit.
 19817 | Lair:3   | Noticed Gastronok
 19876 | Lair:3   | Killed Gastronok
 19951 | Lair:3   | Reached skill level 20 in Axes
 19962 | Lair:3   | Reached XP level 15. HP: 49/100 MP: 20/20
 20233 | Lair:3   | Found a staircase to the Shoals.
 20656 | Lair:3   | Reached skill level 10 in Armour
 21095 | Lair:3   | Reached skill level 5 in Fighting
 21428 | Snake:1  | Entered Level 1 of the Snake Pit
 23790 | Lair:6   | Entered Level 6 of the Lair of Beasts
 24014 | Lair:6   | Found a runed translucent door.
 24020 | Lair:6   | Reached XP level 16. HP: 100/113 MP: 23/23
 24255 | Lair:6   | Reached skill level 5 in Dodging
 24646 | Lair:6   | Found a staircase to the Slime Pits.
 24856 | Lair:6   | Reached skill level 10 in Invocations
 25005 | Lair:6   | Found a runed translucent gate.
 25005 | Lair:6   | Found a runed translucent gate.
 25005 | Lair:6   | Found a runed translucent gate.
 25005 | Lair:6   | Noticed Wogokhlo's ghost (journeyman FeBe)
 25006 | Lair:6   | Noticed Comi's ghost (journeyman TeBe)
 25027 | Lair:6   | Killed Comi's ghost
 25028 | Lair:6   | Killed Wogokhlo's ghost
 25037 | Lair:6   | Identified a scroll of acquirement
 26527 | Orc:2    | Found Fufuetiv's Food Boutique.
 26527 | Orc:2    | Found Wureru's Book Emporium.
 26527 | Orc:2    | Found Gugenory's Armour Shoppe.
 26527 | Orc:2    | Found Lurun's Antique Armour Boutique.
 26546 | Orc:2    | Found Sucludag's Superlative Supplies.
 26696 | Orc:2    | Found a staircase to the Elven Halls.
 26756 | Orc:2    | Found a roughly hewn altar of Beogh.
 27467 | D:14     | Found a gate to the Vaults.
 27818 | D:14     | Noticed Josephine
 27824 | D:14     | Killed Josephine
 28020 | D:15     | Entered Level 15 of the Dungeon
 28021 | D:15     | Found a staircase to the Depths.
 28052 | D:15     | Reached XP level 17. HP: 83/124 MP: 25/25
 28124 | D:15     | Found a frozen archway.
 28147 | IceCv    | Entered an ice cave
 30476 | Snake:1  | Found Laxka's Gadget Shoppe.
 30476 | Snake:1  | Found Xaweinny's Armour Emporium.
 30520 | Snake:1  | Bought a +3 plate armour of fire resistance for 720 gold
                  | pieces
 31204 | Snake:2  | Reached skill level 10 in Fighting
 31250 | Snake:2  | Reached skill level 15 in Armour
 31626 | Snake:2  | You fall into a shaft and drop 1 floor!
 32044 | Snake:2  | Reached XP level 18. HP: 43/136 MP: 26/26
 32341 | Snake:2  | Found Heuhoce's Antique Armour Emporium.
 32552 | Snake:2  | Noticed Aizul
 32567 | Snake:2  | Killed Aizul
 33176 | Snake:3  | Noticed Vashnia
 33257 | Snake:3  | Killed Vashnia
 35597 | Snake:4  | Entered Level 4 of the Snake Pit
 35597 | Snake:4  | Found a bloodstained altar of Trog.
 35666 | Snake:4  | Reached XP level 19. HP: 130/146 MP: 27/27
 35978 | Snake:4  | Found a shadowy altar of Dithmenos.
 36030 | Snake:4  | Reached skill level 10 in Dodging
 36258 | Snake:4  | Found a runed translucent gate.
 36258 | Snake:4  | Found a runed translucent gate.
 36258 | Snake:4  | Found a runed translucent gate.
 38061 | Snake:4  | Reached XP level 20. HP: 58/157 MP: 28/28
 38430 | Snake:4  | Got a serpentine rune of Zot
 38628 | Shoals:1 | Entered Level 1 of the Shoals
 38803 | Shoals:1 | Found a transporter.
 38849 | Shoals:1 | Found a transporter.
 38855 | Shoals:1 | Got a glittering glass ring
 38856 | Shoals:1 | Identified the ring of Xom's Fair Game {Str+6 Int+5} (You
                  | found it on level 1 of the Shoals)
 38869 | Shoals:1 | Got a heavily runed copper ring
 38870 | Shoals:1 | Identified the ring "Qeleq" {Wiz *Slow rElec Str+2 Slay+4}
                  | (You found it on level 1 of the Shoals)
 38876 | Shoals:1 | Reached XP level 21. HP: 164/164 MP: 29/29
 39084 | Shoals:1 | Noticed Nikola
 39104 | Shoals:1 | Killed Nikola
 39508 | Shoals:1 | Found Zuji's Magic Scroll Shop.
 39516 | Shoals:1 | Bought 3 scrolls of identify for 84 gold pieces
 39516 | Shoals:1 | Bought a scroll of enchant armour for 105 gold pieces
 39516 | Shoals:1 | Bought a scroll of magic mapping for 49 gold pieces
 39517 | Shoals:1 | Found Biuviq's Jewellery Boutique.
 39860 | Shoals:2 | Found a transporter.
 40830 | Shoals:3 | Found Nummis's Food Shop.
 40832 | Shoals:3 | Noticed Mara
 40842 | Shoals:3 | Noticed xccam's illusion
 40843 | Shoals:3 | Noticed Ilsuiw
 40845 | Shoals:3 | Killed Mara
 40882 | Shoals:3 | Killed Ilsuiw
 41963 | Shoals:4 | Entered Level 4 of the Shoals
 41983 | Shoals:4 | Reached skill level 15 in Fighting
 42245 | Shoals:4 | Reached XP level 22. HP: 175/175 MP: 30/30
 42319 | Shoals:4 | Noticed Polyphemus
 42347 | Shoals:4 | Killed Polyphemus
 42526 | Shoals:4 | Identified the +10 hunting sling of the Slashing Traitor
                  | {flame, rC+} (You found it on level 4 of the Shoals)
 43231 | Shoals:4 | Got a barnacled rune of Zot
 43797 | Elf:1    | Entered Level 1 of the Elven Halls
 43991 | Elf:1    | Found an ancient bone altar of Kikubaaqudgha.
 44858 | Elf:1    | Reached skill level 21 in Axes
 45307 | Elf:2    | Noticed Azrael
 45324 | Elf:2    | Killed Azrael
 45343 | Elf:2    | Found Umyv's Jewellery Emporium.
 45346 | Elf:2    | Found Ablerr's Book Shoppe.
 45482 | Elf:2    | Found a magical portal.
 45491 | WizLab   | Entered The Roulette of Golubria
 45491 | WizLab   | Found a transporter.
 45494 | WizLab   | Found a corrupted altar of Lugonu.
 45495 | WizLab   | Found the +1 cloak of Starlight {rElec rC+ EV+4 Stlth--}
 45504 | WizLab   | Found a corrupted altar of Lugonu.
 45545 | WizLab   | Found a transporter.
 45582 | WizLab   | Found a transporter.
 45600 | WizLab   | Found a transporter.
 45678 | WizLab   | Found a transporter.
 45678 | WizLab   | Found a transporter.
 45683 | WizLab   | Reached XP level 23. HP: 182/182 MP: 31/31
 45798 | WizLab   | Found a transporter.
 45835 | WizLab   | Found a transporter.
 45952 | WizLab   | Found a transporter.
 45952 | WizLab   | Found a transporter.
 46218 | WizLab   | Identified the +1 cloak of the Serpent {rC- MP+9 Int-2
                  | Dex+9} (You found it in a wizard's laboratory)
 46244 | WizLab   | Identified the +1 cloak "Kaebb" {rF+ Int+3} (You found it
                  | in a wizard's laboratory)
 46262 | WizLab   | Identified Golubria's Incunabulum of Displacement
 46289 | WizLab   | Found a transporter.
 46289 | WizLab   | Found a transporter.
 46303 | WizLab   | Found a transporter.
 46303 | WizLab   | Found a transporter.
 46340 | WizLab   | Found a transporter.
 46369 | WizLab   | Found a transporter.
 46369 | WizLab   | Found a transporter.
 46390 | WizLab   | Found a transporter.
 46390 | WizLab   | Found a transporter.
 46433 | WizLab   | Found a transporter.
 46570 | Elf:2    | Reached skill level 22 in Axes
 46628 | Elf:2    | Found a runed translucent gate.
 46628 | Elf:2    | Found a runed translucent gate.
 46628 | Elf:2    | Found a runed translucent gate.
 46699 | Elf:2    | Bought the ring of Asuutor {rPois rF+ rN+ Str+3 Int-2} for
                  | 564 gold pieces
 46817 | Elf:2    | Found Nytigawo's Food Emporium.
 47196 | Elf:2    | Noticed Saint Roka
 47212 | Elf:2    | Killed Saint Roka
 47629 | Elf:3    | Entered Level 3 of the Elven Halls
 47830 | Elf:3    | Found a runed translucent gate.
 47830 | Elf:3    | Found a runed translucent gate.
 47830 | Elf:3    | Found a runed translucent gate.
 47830 | Elf:3    | Noticed Hynwimna's ghost (veteran MiGl)
 47830 | Elf:3    | Noticed Opsifuid's ghost (journeyman BaBe)
 47831 | Elf:3    | Found the +10 dark maul {vorpal}
 47886 | Elf:3    | Killed Hynwimna's ghost
 47894 | Elf:3    | Killed Opsifuid's ghost
 47959 | Elf:3    | Identified the ring "Zick" {rPois MR+}
 47970 | Elf:3    | Reached skill level 23 in Axes
 48135 | Elf:3    | Identified the +9 short sword of Fundamental Breach {venom,
                  | +Inv Stlth+}
 48150 | Elf:3    | Identified the ring "Udesm" {Ice rN+ Str+4 Int-2 Dex+2}
 48246 | Elf:3    | Identified the +4 mace of Wyrd {drain, rN+ Str+4}
 48273 | Elf:3    | HP: 8/182 [deep elf high priest/damnation (25)]
 48282 | Elf:3    | Reached XP level 24. HP: 33/191 MP: 22/31
 48288 | Elf:3    | HP: 1/191 [deep elf master archer/arrow (23)]
 48904 | Elf:3    | Identified the cursed +0 mace "Cysun" {vorpal, +Inv rPois}
 48904 | Elf:3    | Identified the +1 leather armour of Masochism {rPois rC++
                  | Str+2}
 48990 | Elf:3    | Identified the ring of Edghan {rF+ Stlth-}
 49161 | Elf:3    | Reached skill level 24 in Axes
 49290 | Elf:3    | Found the -2 hat of the Alchemist {rElec rPois rF+ rC+ rN+
                  | MR+ rMut rCorr}
 49295 | Elf:3    | Identified the Reference Book on the Dark Birds
 49299 | Elf:3    | Identified the Reference Book on Flames and Displacement
 49350 | Elf:3    | Identified the Catalogue of Toxic Air
 49556 | Elf:3    | Found an ancient bone altar of Kikubaaqudgha.
 50138 | Vaults:1 | Entered Level 1 of the Vaults
 50732 | Vaults:1 | Identified the +5 scale mail of the Equator {*Corrode
                  | Regen+ Int+7 SInv}
 51876 | Vaults:2 | Found a ruined gateway.
 51896 | Desolati | Entered the Desolation of Salt
 51988 | Desolati | Identified Muorepsu's Disquisition on Snow and Flames
 51990 | Desolati | Identified Buwaphel's Handbook of Curses and Stolen Souls
 52044 | Desolati | Reached skill level 25 in Axes
 52065 | Desolati | Got a scorched glass ring
 52066 | Desolati | Identified the ring of Wuyhuasu {+Fly rC- Slay+3 SInv} (You
                  | found it in the Desolation of Salt)
 52074 | Desolati | Identified Xaho's Volume of Lucky Poisoning
 52141 | Desolati | Reached XP level 25. HP: 179/197 MP: 31/31
 52311 | Desolati | Got a warped ivory ring
 52312 | Desolati | Identified the ring "Evarhurph" {*Drain rPois EV+4 Int+9
                  | SInv} (You found it in the Desolation of Salt)
 52317 | Desolati | Identified the Tome of Aid and the Frostbite
 52321 | Desolati | Identified the cursed +0 pair of boots "Voups" {Str+2} (You
                  | found it in the Desolation of Salt)
 55113 | Vaults:3 | Found a staircase to the Crypt.
 55874 | Vaults:4 | Found Huatoiko's Assorted Antiques.
 55886 | Vaults:4 | Reached skill level 26 in Axes
 55911 | Vaults:4 | Bought a scroll of identify for 46 gold pieces
 55911 | Vaults:4 | Bought a scroll of identify for 46 gold pieces
 56196 | Vaults:4 | Reached XP level 26. HP: 139/204 MP: 29/32
 56293 | Vaults:4 | Identified the +7 bardiche "Goblinbane" {antimagic, rF+
                  | Int+4}
 56309 | Vaults:4 | Reached skill level 10 in Shields
 57076 | Vaults:5 | Entered Level 5 of the Vaults
 57640 | Vaults:5 | Reached XP level 27. HP: 134/213 MP: 33/33
 58275 | Vaults:5 | Identified the +7 plate armour "Ujie" {-Tele rElec rF-
                  | Str+4} (You found it on level 5 of the Vaults)
 58277 | Vaults:5 | Got a silver rune of Zot
 58280 | Vaults:5 | Identified Lyxof's Handbook of Ghastly Enhancements
 59388 | Depths:1 | Entered Level 1 of the Depths
 59398 | Depths:1 | Found a gateway to Hell.
 59949 | Depths:1 | Found a one-way gate leading to the halls of Pandemonium.
 60057 | Hell     | Entered the Vestibule of Hell
 60057 | Hell     | Noticed Geryon
 60069 | Hell     | Killed Geryon
 60139 | Depths:2 | Reached skill level 15 in Dodging
 60158 | Depths:2 | Reached skill level 1 in Evocations
 60315 | Depths:2 | You fall into a shaft and drop 2 floors!
 60382 | Depths:3 | Reached skill level 15 in Invocations
 60538 | Depths:2 | Found a gateway to a ziggurat.
 60653 | Depths:2 | Noticed Bai Suzhen
 60659 | Depths:2 | Killed Bai Suzhen
 60706 | Depths:2 | Found a burning altar of Makhleb.
 61136 | Depths:2 | Reached skill level 5 in Evocations
 61306 | Depths:2 | Found the +5 scythe "Finisher" {speed, eviscerate}
 61523 | Depths:3 | Found a hide-covered altar of Uskayaw.
 61587 | Depths:3 | Found a portal to a secret trove of treasure.
 61625 | Depths:3 | Found a one-way gate to the infinite horrors of the Abyss.
 61805 | D:11     | Bought the ring of Modesty {rPois Int+4 Slay+4} for 1268
                  | gold pieces
 61991 | Depths:3 | You paid a toll of the ring of Modesty to enter a treasure
                  | trove
 61992 | Trove    | Entered a treasure trove
 62000 | Trove    | Got a transparent tin ring
 62005 | Trove    | Got a pitted steel amulet
 62009 | Trove    | Got a scorched amethyst amulet
 62020 | Trove    | Got a pair of shimmering gloves
 62021 | Trove    | Identified the +0 pair of gloves "Damnable Contraption"
                  | {Str+3} (You found it in a treasure trove)
 62022 | Trove    | Identified the ring "Guij" {+Blink rC+ rN+ MR+} (You found
                  | it in a treasure trove)
 62023 | Trove    | Identified the amulet of Ridytza {+Fly Regen+} (You found
                  | it in a treasure trove)
 62024 | Trove    | Identified the amulet "Lathrus" {rF+ Regen+ Dex+2} (You
                  | found it in a treasure trove)
 62265 | Depths:3 | Noticed Jory
 62274 | Depths:3 | Killed Jory
 63122 | Depths:4 | Found Johiugh's Gadget Shoppe.
 63161 | Depths:4 | Found a shattered altar of Ashenzari.
 63244 | Depths:4 | Found Fuphet's Assorted Antiques.
 63262 | Depths:4 | Bought a potion of curing for 144 gold pieces
 63477 | Depths:4 | Found a glowing silver altar of Zin.
 63486 | Depths:4 | Reached skill level 15 in Shields
 63815 | Depths:4 | Found Gimaha's Assorted Antiques.
 63829 | Depths:4 | Bought a potion of heal wounds for 165 gold pieces
 63829 | Depths:4 | Bought a potion of curing for 99 gold pieces
 63949 | Depths:5 | Entered Level 5 of the Depths
 63975 | Depths:5 | Noticed Mennas
 63989 | Depths:5 | Killed Mennas
 64127 | Depths:5 | Found a gate to the Realm of Zot.
 64151 | Depths:5 | Noticed Frederick
 64161 | Depths:5 | Killed Frederick
 64162 | Depths:5 | Noticed the Enchantress
 64164 | Depths:5 | Killed the Enchantress
 64544 | Depths:5 | Noticed Xtahua
 64550 | Depths:5 | Killed Xtahua
 64926 | Depths:4 | Voluntarily entered the Abyss.
 65403 | Abyss:4  | Found a radiant altar of Vehumet.
 65465 | Abyss:5  | Entered Level 5 of the Abyss
 65465 | Abyss:5  | Found a corrupted altar of Lugonu.
 65523 | Abyss:5  | Found a corrupted altar of Lugonu.
 65544 | Abyss:5  | Got an abyssal rune of Zot
 65570 | Depths:4 | Escaped the Abyss
 65963 | Slime:1  | Entered Level 1 of the Pits of Slime
 65972 | Slime:1  | Gained mutation: Your spells are a little easier to cast,
                  | but a little less powerful. [a shining eye]
 66183 | Slime:5  | Entered Level 5 of the Pits of Slime
 66466 | Slime:5  | Noticed the Royal Jelly
 66476 | Slime:5  | Killed the Royal Jelly
 66519 | Slime:5  | Gained mutation: You are dopey. (Int -2) [a shining eye]
 66520 | Slime:5  | Gained mutation: Your spells are easier to cast, but less
                  | powerful. [a shining eye]
 66601 | Slime:5  | Identified Muexaati's Guide on Bewitching Translocation
 66658 | Slime:5  | Got a slimy rune of Zot
 66660 | Slime:5  | Identified the cursed +0 pair of gloves "Periniu" {rCorr
                  | Dex+3} (You found it on level 5 of the Pits of Slime)
 67060 | Hell     | Found a gateway to the freezing wastes of Cocytus.
 67156 | Hell     | Found a gateway to the decaying netherworld of Tartarus.
 67184 | Hell     | Found a gateway to the ashen valley of Gehenna.
 67239 | Hell     | Found a gateway to the Iron City of Dis.
 67303 | Geh:1    | Entered Level 1 of Gehenna
 68318 | Geh:3    | Reached skill level 10 in Evocations
 68491 | Geh:4    | You fall into a shaft and drop 2 floors!
 68654 | Geh:7    | Entered Level 7 of Gehenna
 70264 | Geh:7    | Identified the +7 sceptre of Asmodeus
 70264 | Geh:7    | Noticed Asmodeus
 70279 | Geh:7    | HP: 8/238 [Brimstone Fiend/damnation[Asmodeus] (35)]
 70291 | Geh:7    | HP: 10/238 [???[the effects of Hell] (5)]
 70981 | Geh:7    | Killed Asmodeus
 71016 | Geh:7    | Got an obsidian rune of Zot
 71194 | Geh:7    | HP: 10/238 [smoke demon/divine providence (16)]
 71415 | Dis:1    | Entered Level 1 of the Iron City of Dis
 71529 | Dis:3    | Killed from afar by a hellion

Illustrated notes

Levels and vault maps discovered:
D:1:      psy_arrival_terrarium, layout_loops_ring, due_unseen_surprise
D:2:      layout_loops_ring, tso_altar
D:3:      layout_loops_ring, first_ration, uniq_natasha, uniq_grinder
D:4:      layout_loops_corners, grunt_temple_overflow_open, temple_doors_e,
          serial_aquarium, aquarium_bridge_straight [aquarium_subvault_bridge,
          aquarium_subvault_window, aquarium_subvault_bridge,
          aquarium_subvault_wall], aquarium_bridge_square
          [aquarium_subvault_bridge, aquarium_subvault_wall,
          aquarium_subvault_window, aquarium_subvault_bridge],
          aquarium_window_corner, aquarium_window_corridor_1, aquarium_window_2,
          aquarium_view_2d, aquarium_view_2e, aquarium_balcony_3a, serial_shops,
          nicolae_shop_waterfront, grunt_decor_cap
D:5:      layout_loops_cross, serial_shops, kennysheep_mini, st_stairs_5
D:6:      layout_layer_cave, chequers_mini_garden, minmay_misc_feat_more_columns
D:7:      layout_rooms, grunt_qazlal_clouds, uniq_crazy_yiuf_cottage
D:8:      lemuel_castle_with_subvaults [lemuel_castle_interior_original],
          layout_cave_pods, grunt_livestock, guppyfry_shop_venom
D:9:      minmay_weird_star, layout_rooms, trog_ov_bears_minmay
D:10:     layout_loops_ring, due_lair_maze_entry_diamond, hex_large
D:11:     layout_irregular_city, basic_altar, serial_shops, shop, minivault_29
D:12:     layout_roguey, hiddenorc2_lemuel, lemuel_tele_altar
D:13:     layout_stronghold, serial_column_ruins, column_ruins_open_small,
          column_ruins_columns_straight, column_ruins_open_tiny,
          column_ruins_corridor_T, column_ruins_open_tiny,
          column_ruins_open_tiny, kennysheep_donut, uniq_sonja
D:14:     layout_loops_ring, grunt_vaults_entry_tiered, hangedman_decor_push,
          uniq_josephine
D:15:     gammafunk_depths_entry_grave, layout_basic,
          portal_ice_cave_entry_imps, roderic_serpentine_path
Temple:   compressed_dpeg_circular_temple
Lair:1:   lemuel_ratsnest, layout_gridlike, serial_bayou_lake_a,
          infiniplex_staircase_pool
Lair:2:   layout_hall_layers, gauntlet_entry_generic, uniq_urug
Lair:3:   hangedman_what_comes_after_a, layout_loops_ring,
          elwin_shoals_entry_rocks, minmay_snake_entry_guardpost_small,
          uniq_gastronok
Lair:4:   beast_lair_carwin_large_4, layout_misc_corridors,
          kennysheep_abandoned_house
Lair:5:   onia_ninara_swampy_vault, layout_gridlike
Lair:6:   wormcave, layout_gridlike, minmay_slime_entry_oklob_open,
          gammafunk_ghost_cemetery, minmay_lair_oklob_bushes,
          serial_bayou_shore_b
Shoals:1: gammafunk_its_a_trap, layout_shoals, serial_shops, shop,
          minmay_shop_enchanted_jewellery, uniq_nikola
Shoals:2: gammafunk_the_bubble [the_bubble_gammafunk_crates], layout_shoals
Shoals:3: layout_shoals, serial_shops, nicolae_shop_statue_plus, uniq_ilsuiw,
          uniq_mara
Shoals:4: shoals_end_simple, layout_shoals, nicolae_shoals_aquamancer_cove,
          uniq_polyphemus
Snake:1:  layout_rooms, st_stairs_13, minmay_shoptagon
Snake:2:  layout_grid_maze, serial_shops, shop, special_room, uniq_aizul
Snake:3:  kennysheep_snake, layout_onion, grunt_megastairs_2, uniq_vashnia
Snake:4:  grunt_snake_rune_pools, layout_cave_town, hangedman_feature_mirror,
          nicolae_snake_horde_hoard
Slime:1:  layout_caves
Slime:2:  cheibrodos_slime_lost_civilization_1, layout_caves
Slime:3:  layout_caves
Slime:4:  layout_caves
Slime:5
Orc:1:    layout_caves
Orc:2:    st_orc_ogre_mass, layout_diamond_mine, basic_altar,
          nicolae_alphabet_shops
Elf:1:    eino_elf_arrival_the_gate, layout_gridlike, basic_altar,
          evilmike_minifort
Elf:2:    layout_gridlike, mu_enter_wizlab_5, serial_shops, shop, shop, shop,
          uniq_saint_roka, uniq_azrael
Elf:3:    minmay_elf_hall_furrowed, layout_loops_corners, basic_altar,
          gammafunk_ghost_cemetery
Vaults:1: nicolae_vaults_murderbox, vaults_room_grid,
          vaults_standard_mumra_enter_the_diamond, hangedman_vaults_slither,
          v_alt_pattern_5, vaults_dpeg_ring, vaults_dpeg_cross,
          nicolae_vaults_alarming, nicolae_vaults_gold_heap, vaults_room_pool,
          layout_vaults_chaotic_city
Vaults:2: nicolae_vaults_circle_grid_a, v_misc_5, v_pattern_2,
          nicolae_vaults_little_ls, hangedman_vaults_nails,
          nicolae_vaults_angled_halls, grunt_vaults_hallway_long,
          grunt_vaults_hallway_short, dpeg_vaults_monster_box,
          layout_vaults_omnicross, portal_desolation_entry_garden
Vaults:3: grunt_vaults_hallway_long, v_misc_3, vaults_standard_mumra_lines,
          ontoclasm_vaults_ring_large, minmay_crypt_entry_simple_box,
          ontoclasm_vaults_decontamination, ontoclasm_vaults_gateway, v_misc_24,
          v_alt_pattern_1, layout_vaults_omnigrid
Vaults:4: v_misc_33, st_greater_box_3, nicolae_vaults_mini_display_case,
          vaults_room_fancy_cross, vaults_standard_mumra_x,
          nicolae_vaults_shelves_hall, nicolae_vaults_angled_halls,
          grunt_vaults_diagonal, layout_vaults_maze_snakey, serial_shops,
          nicolae_shop_window_shopping
Vaults:5
Depths:1: layout_cave_pools, hangedman_coc_ice_floe, rand_demon_pan_entry_5,
          lemuel_flames_and_gold
Depths:2: minmay_the_grid_triangle_9x9_rhombus_full_mashed
          [minmay_the_grid_triangle_9x9_checkered,
          minmay_the_grid_triangle_9x9_sprig,
          minmay_the_grid_triangle_9x9_corruption,
          minmay_the_grid_triangle_9x9_descending_squares,
          minmay_the_grid_triangle_9x9_skeleton,
          minmay_the_grid_triangle_9x9_sparse_checkered,
          minmay_the_grid_triangle_9x9_shrine,
          minmay_the_grid_triangle_9x9_prize_top_heavy], layout_long_grid,
          enter_ziggurat_a, rand_demon_pan_entry_7, hangedman_tar_grid_catacomb,
          roderic_roman_lattice, minmay_alternating_orb, uniq_bai_suzhen
Depths:3: due_jory_tower, layout_cave_pools, nicolae_trove_entry_path_of_doom,
          minmay_room_of_horrors, pan_entry, lemuel_crystal_altar, hell_entry
Depths:4: evilmike_silver_temple, layout_gridlike, abyss_entry, serial_shops,
          shop, nicolae_shop_overgrown_old_shop, nicolae_shop_trees, hell_entry,
          ashenzari_altar_1, nrook_campfire
Depths:5: evilmike_zot_entry_basic, layout_cave_pools, pf_dread_powers_of_hell,
          minmay_misc_feat_hallway, minivault_16, uniq_xtahua, uniq_mennas,
          uniq_enchantress, uniq_frederick
Hell
Dis:1:    layout_jigsaw
Dis:2:    layout_regular_city
Dis:3:    layout_regular_city, nicolae_dis_lava_storage_tank
Geh:1:    layout_gehenna_lava_caves
Geh:2:    layout_gehenna_pools_basic, nicolae_geh_amphitheater
Geh:3:    layout_gehenna_lava_caves
Geh:4:    layout_gehenna_lava_caves
Geh:6:    layout_gehenna_pools_box, grunt_megastairs_5
Geh:7:    evilmike_geh

Skill      XL: |  1  2  3  4  5  6  7  8  9 10 11 12 13 14 15 16 17 18 19 20 21 22 23 24 25 26 27 |
---------------+----------------------------------------------------------------------------------+-----
Axes           | 3 4 6 7 8 9 11 14 16 18 20 21 23 25 26 | 26.0
Shields        | 4 6 8 9 11 15 | 15.0
Armour         | 4 5 7 9 11 13 15 17 18 19 21 22 23 25 | 25.4
Invocations    | 7 9 11 12 13 18 | 18.7
Dodging        | 1 4 6 8 9 11 12 13 14 17 | 17.4
Fighting       | 4 6 8 10 11 13 15 16 24 | 24.2
Evocations     | 12 | 12.1

Action                   |  1- 3 |  4- 6 |  7- 9 | 10-12 | 13-15 | 16-18 | 19-21 | 22-24 | 25-27 || total
-------------------------+-------+-------+-------+-------+-------+-------+-------+-------+-------++-------
Melee: War axe           |    64 |   120 |   345 |   146 |       |       |       |       |       ||   675
       Battleaxe         |       |       |       |   543 |  1025 |   999 |   803 |  1286 |   159 ||  4815
       Executioner's axe |       |       |       |       |       |       |       |       |  2185 ||  2185
 Fire: Hunting sling     |     3 |     4 |    16 |     3 |     9 |       |       |       |       ||    35
Throw: Javelin           |       |       |       |       |     3 |       |       |       |       ||     3
Invok: Bend Time         |       |       |       |     1 |       |       |       |       |       ||     1
       Slouch            |       |       |       |     1 |     1 |     3 |       |     6 |     6 ||    17
       Step From Time    |       |       |       |       |       |       |       |     1 |     1 ||     2
 Abil: Dig               |       |       |    14 |     2 |    12 |       |     2 |     9 |     2 ||    41
Evoke: Wand              |       |       |       |       |     7 |    12 |     1 |       |       ||    20
       Phantom mirror    |       |       |       |       |       |       |       |       |     1 ||     1
  Use: Potion            |     1 |     2 |       |     3 |     5 |     2 |     2 |     5 |    11 ||    31
       Scroll            |       |       |    10 |     6 |    14 |     3 |     5 |    13 |    38 ||    89
 Stab: Distracted        |       |       |       |       |     1 |       |       |     1 |     5 ||     7
       Invisible         |       |       |       |       |     4 |       |       |       |       ||     4
       Petrified         |       |       |       |       |       |       |       |     2 |       ||     2
       Petrifying        |       |       |       |       |       |       |       |     1 |       ||     1
  Eat: Chunk             |     3 |     3 |    10 |    12 |    17 |    18 |     9 |    18 |    21 ||   111
       Ration            |       |       |       |       |     2 |     1 |     1 |     1 |     5 ||    10
Armor: Scale mail        |    24 |     6 |       |       |       |       |       |       |       ||    30
       Chain mail        |       |    34 |   102 |   145 |   223 |    33 |       |       |       ||   537
       Skin              |       |     7 |       |       |       |       |       |       |       ||     7
       Plate armour      |       |       |       |       |       |   137 |   181 |   238 |    67 ||   623
       Gold dragon scale |       |       |       |       |       |       |       |       |   414 ||   414
Dodge: Dodged            |    23 |    40 |   145 |   209 |   378 |   536 |   597 |   655 |  1193 ||  3776
       Repelled          |       |       |       |       |       |    68 |    51 |    35 |       ||   154
Block: Kite shield       |    38 |    54 |   242 |   466 |   643 |   657 |   674 |   937 |  1579 ||  5290
       Reflection        |       |       |       |       |       |       |       |    39 |   156 ||   195
       Tower shield      |       |       |       |       |       |       |       |       |   600 ||   600
